 Dungeon Crawl Stone Soup version 0.31-a0-331-geda263fcf1 (webtiles) character file.

Game seed: 2673425111862593723

150 Shard1697 the Ruffian (level 5, 0/41 HPs)
             Began as a Draconian Shapeshifter on July 20, 2023.
             Slain by Grinder (6 damage)
             ... while paralysed by Grinder
             ... on level 3 of the Dungeon.
             The game lasted 00:02:25 (2053 turns).

Shard1697 the Ruffian (Draconian Shapeshifter)      Turns: 2053, Time: 00:02:26

Health: 0/41       AC:  5    Str: 18    XL:     5   Next: 10%
Magic:  5/5        EV:  2    Int:  8    God:
Gold:   88         SH:  0    Dex: 13    Spells: 4/4 levels left

rFire   . .          .
                       - Unarmed
rCold   . . .        (no shield)
rNeg    . . .        (body armour unavailable)
rPois   .            (helmet currently unavailable)
rElec   .            (cloak currently unavailable)
rCorr   .            (gloves currently unavailable)
SInv    .            (boots currently unavailable)
Will    .....        (no amulet)
Stlth   +            (no ring)
HPRegen 0.26/turn    (no ring)
MPRegen 0.09/turn

%: no passive effects
@: paralysed, beast-form
A: beast (slay +2), AC +5, unfitting armour, cold-blooded
a: Begin Untransformation


You were on level 3 of the Dungeon.
You were a hulking beast.
You visited 1 branch of the dungeon, and saw 3 of its levels.

You collected 88 gold pieces.

Inventory:

Jewellery
 c - a ring of wizardry
Talismans
 b - a beast talisman
Scrolls
 d - a scroll of amnesia {unknown}
 e - 4 scrolls of identify {unknown}
 g - 2 scrolls of fear {unknown}
 i - a scroll of blinking {unknown}
Potions
 f - a potion of curing
 h - a potion of attraction {unknown}
 j - a potion of heal wounds {unknown}


   Skills:
 - Level 2.1 Fighting
 - Level 1.7 Dodging
 + Level 5.3 Unarmed Combat
 - Level 3.0 Shapeshifting


You had 4 spell levels left.
You didn't know any spells.
Your spell library contained the following spells:

 Spells                   Type           Power      Damage    Failure   Level
 Apportation              Tloc           0%         N/A       41%         1
 Necrotise                Necr           0%         1d4       41%         1
 Sting                    Tmut/Pois      0%         1d3       41%         1
 Summon Small Mammal      Summ           0%         N/A       41%         1
 Poisonous Vapours        Pois/Air       0%         N/A       54%         2
 Olgreb's Toxic Radiance  Pois           0%         N/A       99%         4


Dungeon Overview and Level Annotations

Branches:
Dungeon (3/15)

Altars:

Annotations:
D:3 Grinder


Innate Abilities, Weirdness & Mutations

You are a hulking beast.
Your limbs bulge with bestial killing power. (Slay +2)
Your plain brown scales are hard. (AC +5)
You cannot fit into any form of body armour.
You are cold-blooded and may be slowed by cold attacks.


Message History

Grinder gestures at you.
You suddenly lose the ability to move!
Grinder hits you but does no damage. Grinder hits you.
Grinder blinks!
You can move again.
Your transformation is almost over.
You smack Grinder!
Grinder is severely wounded.
You closely miss Grinder.
Grinder is severely wounded.
Grinder hits you.
You writhe in agony.
* * * LOW HITPOINT WARNING * * *
You closely miss Grinder.
Grinder is severely wounded.
Grinder hits you.
* * * LOW HITPOINT WARNING * * *
You writhe in agony.
* * * LOW HITPOINT WARNING * * *
You closely miss Grinder.
Grinder is severely wounded.
Grinder hits you but does no damage.
You barely miss Grinder.
Grinder is severely wounded.
Grinder hits you but does no damage.
You completely miss Grinder.
Grinder is heavily wounded.
Grinder hits you but does no damage.
You barely miss Grinder.
Grinder is heavily wounded.
Grinder hits you but does no damage.
You smack Grinder!
Grinder is almost dead.
Grinder gestures at you.
You suddenly lose the ability to move!
You feel less wooden.
You turn into a hulking beast.
Grinder hits you.
* * * LOW HITPOINT WARNING * * *
You writhe in agony.
You die...

#...#.# ###.#.###.##
#.#....... # . #†........
#### ########..###.#####.##
.#.###.....................
.....†.......#####.#####.##
#######.#.########........
................h...###...
####.P###########5..# #
#.P# #...# # #..# #...#
##+#..# #...# ....... ....#
.......⌠ ...... ####+#..
....### ### ##....


You could see Grinder.

Vanquished Creatures
  Natasha (D:3)
  5 gnolls
  2 worms
  2 dart slugs
  11 endoplasms
  A giant cockroach (D:2)
  8 goblins
  4 hobgoblins
  3 jackals (D:2)
  4 quokkas
  7 ball pythons
  3 bats
  2 frilled lizards
  6 kobolds
  7 rats
66 creatures vanquished.

Notes
Turn   | Place    | Note
-------+----------+-------------------------------------------
     0 | D:1      | Shard1697 the Draconian Shapeshifter began the quest for
                  | the Orb.
     0 | D:1      | Reached XP level 1. HP: 17/17 MP: 1/1
   203 | D:1      | Reached XP level 2. HP: 24/24 MP: 2/2
   242 | D:1      | Reached skill level 3 in Unarmed Combat
   405 | D:1      | Reached XP level 3. HP: 29/29 MP: 3/3
  1057 | D:2      | Reached skill level 4 in Unarmed Combat
  1113 | D:2      | Reached XP level 4. HP: 26/36 MP: 4/4
  1540 | D:2      | Reached skill level 5 in Unarmed Combat
  2014 | D:3      | Noticed Grinder
  2014 | D:3      | Noticed Natasha
  2018 | D:3      | Paralysed by Grinder for 2 turns
  2025 | D:3      | Paralysed by Grinder for 3 turns
  2030 | D:3      | Killed Natasha
  2031 | D:3      | Reached XP level 5. HP: 20/41 MP: 5/5
  2037 | D:3      | Paralysed by Grinder for 5 turns
  2052 | D:3      | Paralysed by Grinder for 3 turns
  2053 | D:3      | Slain by Grinder

Illustrated notes

Levels and vault maps discovered:
D:1:      lightli_arrival_farm, layout_basic, serial_curves, eino_curves_04,
          eino_curves_04
D:2:      layout_basic, grunt_ministairs_14
D:3:      corexii_shack_village, layout_basic, uniq_terence, uniq_grinder,
          uniq_crazy_yiuf_cottage, uniq_natasha

Skill      XL: |  1  2  3  4 |
---------------+-------------+-----
Unarmed Combat | 3 4 5 |  5.3
Fighting       | |  2.1
Dodging        | |  1.7
Shapeshifting  | |  3.0

Action                     |  1- 3 |  4- 6 || total
---------------------------+-------+-------++-------
  Melee: Unarmed           |    76 |    89 ||   165
         Tailslap          |     6 |     6 ||    12
         Punch             |       |     3 ||     3
    Use: Potion            |       |     2 ||     2
 Armour: Skin              |    13 |    51 ||    64
  Dodge: Dodged            |    38 |    35 ||    73

Table legend: (Time is in decaauts)
 A = Elapsed time spent in this place.
 B = Non-inter-level travel time spent in this place.
 C = Inter-level travel time spent in this place.
 D = Time resting spent in this place.
 E = Time spent auto-exploring this place.
 F = Levels seen in this place.
 G = Mean time per level.
                   A        B        C        D        E       F      G
               +--------+--------+--------+--------+--------+-----+--------+
         Total |   2064 |   2023 |     41 |     93 |   1526 |   3 |  688.0 |
       Dungeon |   2064 |   2023 |     41 |     93 |   1526 |   3 |  688.0 |
               +--------+--------+--------+--------+--------+-----+--------+

Top non-repeatable levels by time:
     D:1: 1039 daAuts
     D:2: 762 daAuts
     D:3: 262 daAuts
